 Dungeon Crawl Stone Soup version 0.29-a0-870-g2c972031a6 (webtiles) character file.

Game seed: 2090198826234263415

95 clackabat the Poker (level 4, 41/41 HPs)
             Began as a Minotaur Fighter on July 18, 2022.
             Was a Follower of Kikubaaqudgha.
             Quit the game on level 2 of the Dungeon.
             The game lasted 00:03:17 (1609 turns).

clackabat the Poker (Minotaur Fighter)              Turns: 1609, Time: 00:03:18

Health: 41/41      AC:  8    Str: 21    XL:     4   Next: 40%
Magic:  3/3        EV:  9    Int:  7    God:    Kikubaaqudgha [*.....]
Gold:   84         SH:  4    Dex:  9    Spells: 3/3 levels left

rFire   . . .      SeeInvis .   a - +0 trident
rCold   . . .      Faith    .   c - +0 buckler
rNeg    . . .      Spirit   .   b - +0 scale mail
rPois   .          Reflect  .   (helmet restricted)
rElec   .          Harm     .   i - +0 cloak
rCorr   .          Rampage  .   (no gloves)
Will    .....                   (no boots)
Stlth   ..........              (no amulet)
HPRegen 0.13/turn               (no ring)
MPRegen 0.08/turn               (no ring)

@: no status effects
A: horns 2, retaliatory headbutt
a: Renounce Religion, Unearth Wretches


You were on level 2 of the Dungeon.
You worshipped Kikubaaqudgha.
Kikubaaqudgha was aware of your devotion.
You visited 1 branch of the dungeon, and saw 2 of its levels.

You collected 84 gold pieces.

Inventory:

Hand Weapons
 a - a +0 trident (weapon)
Armour
 b - a +0 scale mail (worn)
 c - a +0 buckler (worn)
 i - a +0 cloak (worn)
Jewellery
 f - a ring of magical power
Scrolls
 e - 2 scrolls of identify {unknown}
 g - a scroll of enchant armour {unknown}
 l - a scroll of magic mapping {unknown}
Potions
 d - a potion of might
 h - 2 potions of attraction {unknown}
 j - a potion of brilliance {unknown}
 k - 4 potions of curing {unknown}


   Skills:
 + Level 4.6 Fighting
 * Level 4.9 Polearms
 - Level 3.6 Armour
 - Level 3.6 Shields


You had 3 spell levels left.
You didn't know any spells.
Your spell library contained the following spells:

 Spells                   Type           Power      Damage    Failure   Level
 Necrotise                Necr           0%         1d4       86%         1
 Ensorcelled Hibernation  Hex/Ice        0%         N/A       94%         2
 Passwall                 Tmut/Erth      0%         N/A       94%         2
 Swiftness                Air            0%         N/A       99%         3
 Vampiric Draining        Necr           0%         2d6       99%         3
 Anguish                  Hex/Necr       0%         N/A       100%        4
 Animate Dead             Necr           0%         N/A       100%        4


Dungeon Overview and Level Annotations

Branches:
Dungeon (2/15)

Altars:
Kikubaaqudgha


Innate Abilities, Weirdness & Mutations

You have a pair of horns on your head.
You reflexively headbutt those who attack you in melee.


Message History

Found a faded altar of an unknown god.
Found an escape hatch in the floor.
There is an escape hatch in the floor here.
A kobold comes into view. It is wielding a +1 dagger of venom.
The kobold shouts!
A kobold is nearby!
Found 16 gold pieces.
You reach to attack!
You puncture the kobold!
You kill the kobold!
No target in view!
No target in view!
Found a stone staircase leading up.
Found a stone staircase leading down.
Nothing quivered!
You now have 84 gold pieces (gained 16).
A ball python comes into view.
A ball python is nearby!
No target in view!
No target in view!
No target in view!
The ball python closely misses you. x2
You puncture the ball python!
You kill the ball python!
No target in view!
No target in view!
No target in view!
There is a faded altar of an unknown god here.
Nothing quivered!
You cannot tell which god this altar belongs to.
Convert to them anyway?
Uppercase [Y]es or [N]o only, please.
You cannot tell which god this altar belongs to.
Convert to them anyway?
Kikubaaqudgha accepts your prayer! Kikubaaqudgha welcomes you!
You can now bring forth the wretched and dying.
Kikubaaqudgha grants you a gift!
You add the spells Necrotise, Vampiric Draining, Anguish and Animate Dead to your library.
Okay, then.
Found a stone staircase leading down.
Nothing quivered!
Are you sure you want to abandon this character and quit the game? (Confirm with "yes".)

#...........#####..#
#...........# ...#.>.
#>..........+ +.#......
............# #........
#.#####.##..#####........
.#.....#.##.............. ...
#........................ ...
.........#............... ....(..
..........#.....@........ .......
...≈≈.....#.............##.......
..≈_.≈....#(.....................
...≈≈.....#......................
..........#................ .....
.........#...#.####......## #...
#...................###...# ###
.#.....#......########..#.# #
#.#####.#####÷# #..##.##


There were no monsters in sight!

Vanquished Creatures
  3 gnolls (D:2)
  3 adders (D:2)
  A worm (D:2)
  5 endoplasms
  4 jackals (D:1)
  A quokka (D:1)
  4 ball pythons
  4 bats (D:1)
  4 frilled lizards (D:1)
  A goblin (D:1)
  5 kobolds
  5 rats (D:1)
40 creatures vanquished.

Notes
Turn   | Place    | Note
-------+----------+-------------------------------------------
     0 | D:1      | clackabat the Minotaur Fighter began the quest for the Orb.
     0 | D:1      | Reached XP level 1. HP: 19/19 MP: 0/0
   167 | D:1      | Reached XP level 2. HP: 27/27 MP: 1/1
   837 | D:1      | Reached XP level 3. HP: 33/33 MP: 2/2
  1147 | D:2      | Identified the +2 robe "Uxeaxupa" {rF+}
  1193 | D:2      | Reached XP level 4. HP: 4/41 MP: 3/3
  1517 | D:2      | Found a faded altar of an unknown god.
  1593 | D:2      | Prayed at the altar of an unknown god.
  1593 | D:2      | Became a worshipper of Kikubaaqudgha
  1593 | D:2      | Reached * piety under Kikubaaqudgha
  1593 | D:2      | Received a gift from Kikubaaqudgha
  1609 | D:2      | Quit the game

Illustrated notes

Levels and vault maps discovered:
D:1:      mrwooster_arrival_statue_3, layout_basic
D:2:      layout_rooms, shapermc_ecumenical_altar_starsandcircs,
          minmay_misc_feat_room, kennysheep_doodads, uniq_terence

Skill      XL: |  1  2  3 |
---------------+----------+-----
Polearms       | 3 4 |  4.9
Fighting       | 4 |  4.6
Armour         | |  3.6
Shields        | |  3.6

Action                   |  1- 3 |  4- 6 || total
-------------------------+-------+-------++-------
Melee: Trident           |   107 |    19 ||   126
       Headbutt          |    15 |       ||    15
  Use: Potion            |     1 |       ||     1
Armor: Scale mail        |    34 |     7 ||    41
Dodge: Dodged            |    43 |    10 ||    53
Block: Buckler           |    19 |     6 ||    25

Table legend: (Time is in decaauts)
 A = Elapsed time spent in this place.
 B = Non-inter-level travel time spent in this place.
 C = Inter-level travel time spent in this place.
 D = Time resting spent in this place.
 E = Time spent auto-exploring this place.
 F = Levels seen in this place.
 G = Mean time per level.
                   A        B        C        D        E       F      G
               +--------+--------+--------+--------+--------+-----+--------+
         Total |   1628 |   1467 |    161 |    393 |    819 |   2 |  814.0 |
       Dungeon |   1628 |   1467 |    161 |    393 |    819 |   2 |  814.0 |
               +--------+--------+--------+--------+--------+-----+--------+

Top non-repeatable levels by time:
     D:1: 904 daAuts
     D:2: 723 daAuts
